 Dungeon Crawl Stone Soup version 0.27-a0-1189-gb8eb6cee8e (console) character file.

Game seed: 14614132849337743158

63 Hector the Chopper (level 3, -8/29 HPs)
             Began as a Demonspawn Abyssal Knight on May 23, 2021.
             Was a Believer of Lugonu.
             Killed by divine providence
             ... invoked by an orc priest
              (11 damage)
             ... on level 3 of the Dungeon.
             The game lasted 00:04:36 (2777 turns).

Hector the Chopper (Demonspawn Abyssal Knight)      Turns: 2777, Time: 00:04:36

Health: -8/29      AC:  8    Str: 13    XL:     3   Next: 87%
Magic:  4/4        EV: 11    Int: 13    God:    Lugonu [**....]
Gold:   116        SH:  0    Dex: 12    Spells: 2/2 levels left

rFire    . . .     SeeInvis .   a - +1 hand axe
rCold    . . .     Faith    .   (no shield)
rNeg     . . .     Spirit   .   b - +0 leather armour
rPois    .         Reflect  .   (no helmet)
rElec    .         Harm     .   (no cloak)
rCorr    .         Rampage  .   (no gloves)
Will     .....                  g - +0 pair of boots
Stlth    +.........             (no amulet)
HPRegen  0.09/turn              l - +4 ring of protection
MPRegen  0.09/turn              (no ring)

@: no status effects
A: hooves 1, ignite blood 1
a: Renounce Religion, Depart the Abyss, Bend Space


You were on level 3 of the Dungeon.
You worshipped Lugonu.
Lugonu was pleased with you.
You visited 1 branch of the dungeon, and saw 3 of its levels.
You visited the Abyss 1 time.

You collected 116 gold pieces.

Inventory:

Hand Weapons
 a - a +1 hand axe (weapon)
Missiles
 e - 97 stones
Armour
 b - a +0 leather armour (worn)
 g - a +0 pair of boots (worn)
Jewellery
 l - a +4 ring of protection (left hand)
Scrolls
 c - 3 scrolls of enchant armour {unknown}
 f - 2 scrolls of fear {unknown}
 i - a scroll of identify {unknown}
 j - a scroll of immolation {unknown}
 k - a scroll of acquirement {unknown}
Potions
 d - a potion of attraction {unknown}
 h - 2 potions of curing {unknown}


   Skills:
 + Level 3.0 Fighting
 * Level 3.7 Axes
 + Level 1.8 Armour
 + Level 1.0 Dodging
 * Level 2.5 Invocations


You had 2 spell levels left.
You didn't know any spells.
Your spell library was empty.

Dungeon Overview and Level Annotations

Branches:
Dungeon (3/15)

Altars:
Yredelemnul

Shops:
D:1 (

Annotations:
D:3 Ijyb


Innate Abilities, Weirdness & Mutations

You have large cloven feet.
Your demonic aura sometimes causes spilled blood to erupt in flames.


Message History

You hit the orc but do no damage. The orc priest closely misses you.
Your Dodging skill increases to level 1!
You barely miss the orc priest. You barely miss the orc.
The orc barely misses you.
The orc priest hits you but does no damage.
The orc priest barely misses you.
You hit the orc priest.
The orc priest is moderately wounded.
You closely miss the orc. The orc hits you with a +0 club.
The orc priest hits you with a +0 club.
The orc priest invokes the aid of Beogh against you.
Beogh smites you!
You are too injured to fight recklessly!
You are too injured to fight recklessly!
Unknown command.
The orc closely misses you.
The orc priest calls down the wrath of Beogh upon you.
Pain shoots through your body!
The orc priest hits you but does no damage.
You slash the orc priest!
The orc priest is heavily wounded.
You barely miss the orc. You closely miss the orc priest.
The orc hits you with a +0 club.
* * * LOW HITPOINT WARNING * * *
The orc priest hits you but does no damage.
The orc priest hits you with a +0 spear.
* * * LOW HITPOINT WARNING * * *
You hit the orc priest.
The orc priest is heavily wounded.
You barely miss the orc priest. You hit the orc.
The orc hits you with a +0 club.
* * * LOW HITPOINT WARNING * * *
The orc priest barely misses you.
The orc priest hits you but does no damage.
You hit the orc priest.
The orc priest is almost dead.
You hit the orc priest. You hit the orc. The orc barely misses you.
The orc priest calls down the wrath of Beogh upon you.
Beogh smites you!
You die...

.##.##.....#
...........#####+#.....#
##......##.#.....#..)..#
#.).......#.....#.....
#.........#.........#
#...)...............#
#...#<.......#......#
#...##..........o...#
.........#....)o@#
##...#####......o#
.................#
.........##.....####
.........##..........
.........###......###
######### ........#
#......+ .......<#
...#....# ......[#
######..#
.......###.........
....#


You could see 2 orc priests and an orc.

Vanquished Creatures
  An adder (D:2)
  A worm (D:2)
  2 dart slugs (D:1)
  3 orcs (D:3)
  4 ball pythons
  An endoplasm (D:2)
  3 giant cockroaches
  2 goblins (D:2)
  4 hobgoblins
  5 jackals (D:1)
  5 kobolds
  A quokka (D:2)
  3 bats
  5 frilled lizards
  3 rats
43 creatures vanquished.

Notes
Turn   | Place    | Note
-------+----------+-------------------------------------------
     0 | Abyss:1  | Hector the Demonspawn Abyssal Knight began the quest for
                  | the Orb.
     0 | Abyss:1  | Reached XP level 1. HP: 18/18 MP: 2/2
    11 | D:1      | Escaped the Abyss
    34 | D:1      | Found Peom's Antique Weapon Boutique.
   468 | D:1      | Gained mutation: You have large cloven feet. [demonic
                  | ancestry]
   468 | D:1      | Reached XP level 2. HP: 24/24 MP: 3/3
  1584 | D:2      | Gained mutation: Your demonic aura sometimes causes spilled
                  | blood to erupt in flames. [demonic ancestry]
  1584 | D:2      | Reached XP level 3. HP: 22/29 MP: 4/4
  1740 | D:2      | Found a basalt altar of Yredelemnul.
  2440 | D:2      | Reached ** piety under Lugonu
  2638 | D:3      | Noticed Ijyb
  2772 | D:3      | Reached skill level 1 in Dodging
  2777 | D:3      | Killed from afar by an orc priest

Illustrated notes

Levels and vault maps discovered:
D:1:      lemuel_arrival_broad_hall, layout_basic, serial_co_window_serial,
          co_window_paths_a, co_window_paths_a, co_window_corner_a,
          co_window_corner_a, co_window_of_opportunity_a, co_window_cross_1,
          co_window_corner_a, co_window_2corner, co_window_broadway_a,
          co_window_paths_c, co_window_paths_d, glass_columns_c,
          glass_columns_a, glass_columns_a, glass_columns_a, serial_shops, shop,
          minmay_indecisive_spiral
D:2:      layout_basic, basic_altar, minmay_door_square, kennysheep_potato
D:3:      layout_basic, hellmonk_ecumenical_altar_blasted,
          minmay_tree_intersection, minmay_fractal_squares_diagonal_5,
          uniq_ijyb, uniq_natasha

Skill      XL: |  1  2  3 |
---------------+----------+-----
Axes           | 2 3 |  3.7
Dodging        | 1 |  1.0
Fighting       | |  3.0
Armour         | |  1.8
Invocations    | |  2.5

Action                   || total
-------------------------++-------
Melee: Hand axe          ||   140
       Kick              ||     6
Armor: Leather armour    ||    53
Dodge: Dodged            ||    82

Table legend: (Time is in decaauts)
 A = Elapsed time spent in this place.
 B = Non-inter-level travel time spent in this place.
 C = Inter-level travel time spent in this place.
 D = Time resting spent in this place.
 E = Time spent auto-exploring this place.
 F = Levels seen in this place.
 G = Mean time per level.
                   A        B        C        D        E       F      G
               +--------+--------+--------+--------+--------+-----+--------+
         Total |   2801 |   2594 |    207 |      0 |   2246 |   4 |  700.2 |
       Dungeon |   2790 |   2583 |    207 |      0 |   2240 |   3 |  930.0 |
         Abyss |     11 |     11 |      0 |      0 |      6 |   1 |   11.0 |
               +--------+--------+--------+--------+--------+-----+--------+

Top non-repeatable levels by time:
     D:1: 1562 daAuts
     D:2: 1159 daAuts
     D:3: 68 daAuts
 Abyss:1: 11 daAuts
